 Dungeon Crawl Stone Soup version 0.25-a0-317-g5f8687bca5 (webtiles) character file.

Game seed: 14113579936233662103, levelgen mode: deterministic

35299 jt the Severer (level 13, -10/116 HPs)
             Began as a Hill Orc Fighter on Dec 26, 2019.
             Was a High Priest of Sif Muna.
             Killed from afar by a raiju (15 damage)
             ... with a living lightning
             ... on level 2 of the Abyss.
             The game lasted 01:20:34 (18814 turns).

jt the Severer (Hill Orc Fighter)                  Turns: 18814, Time: 01:20:35

Health: -10/116    AC: 23    Str: 25    XL:     13   Next: 82%
Magic:  19/19      EV:  8    Int: 11    God:    Sif Muna [*****.]
Gold:   948        SH: 15    Dex: 10    Spells: 9/12 levels left

rFire    . . .     SeeInvis .   a - +2 war axe (drain)
rCold    . . .     Gourm    .   h - +2 shield {reflect}
rNeg     . . .     Faith    .   P - +2 chain mail {MR+}
rPois    .         Spirit   .   W - +2 helmet
rElec    .         Reflect  +   B - +1 cloak {+Inv}
rCorr    .         Harm     .   N - +0 pair of gloves
MR       +....                  d - +1 pair of boots
Stlth    ..........             (no amulet)
HPRegen  0.29/turn              E - ring of wizardry
MPRegen  0.16/turn              s - +4 ring of strength

@: about to teleport, very slightly contaminated, lightly drained
A: no striking features
a: Channel Magic, Forget Spell, Divine Exegesis, Renounce Religion, Evoke
Invisibility


You were on level 2 of the Abyss.
You worshipped Sif Muna.
Sif Muna was extremely pleased with you.
You were hungry.

You visited 3 branches of the dungeon, and saw 17 of its levels.
You visited the Abyss 1 time.

You collected 1113 gold pieces.
You spent 165 gold pieces at shops.

Inventory:

Hand Weapons
 a - a +2 war axe of draining (weapon)
 b - a +2 broad axe of chopping
 n - a +2 flail of protection
 p - a +0 trident
 v - a +2 whip of flaming
 A - the +4 hand crossbow of Dullness {freeze, rC+}
   (You found it on level 3 of the Lair of Beasts)

   It causes projectiles fired from it to freeze those they strike, causing
   extra injury to most foes and up to half again as much damage against
   particularly susceptible opponents.
   They can also slow down cold-blooded creatures.
   It protects you from cold.
 J - a +5 war axe
 M - a +1 flail of distortion
 U - a +1 short sword of distortion
Missiles
 g - 625 arrows
 i - 156 bolts
 o - 115 sling bullets
 t - 2 boomerangs (quivered)
 y - 33 poisoned darts
 F - 2 throwing nets
 L - 3 javelins
 T - 5 curare-tipped darts
Armour
 d - a +1 pair of boots (worn)
 h - a +2 shield of reflection (worn)
 B - a +1 cloak of invisibility (worn)
 N - a +0 pair of gloves (worn)
 P - a +2 chain mail of magic resistance (worn)
 W - a +2 helmet (worn)
Jewellery
 s - a +4 ring of strength (right hand)
 E - a ring of wizardry (left hand)
 X - an uncursed amulet of harm {unknown}
Wands
 z - a wand of disintegration (5)
 G - a wand of digging (9)
 K - a wand of flame (49)
 R - a wand of random effects (19)
 S - a wand of iceblast (5)
 V - a wand of scattershot (4)
Scrolls
 j - 4 scrolls of teleportation
 m - 3 scrolls of immolation
 x - 9 scrolls of remove curse
 O - 3 scrolls of identify
 Q - 5 scrolls of magic mapping
Potions
 e - a potion of invisibility
 k - 5 potions of mutation
 r - 6 potions of brilliance
 u - a potion of magic
 D - 2 potions of might
 I - a potion of lignification
Miscellaneous
 l - a lightning rod (4/4)
Comestibles
 f - 12 rations


   Skills:
 + Level 11.4(11.3) Fighting
 + Level 15.1(14.9) Axes
 + Level 4.8(4.7) Throwing
 + Level 9.6(9.4) Armour
 + Level 13.2(13.0) Shields
 + Level 9.2(9.0) Evocations


You had 9 spell levels left.
You knew the following spells:

 Your Spells              Type           Power        Failure   Level  Hunger
a - Call Imp              Summ           #.......     77%         2    ###....
b - Summon Butterflies    Summ           #.......     65%         1    ##.....

Your spell library contained the following spells:

 Spells                   Type           Power        Failure   Level  Hunger
 Animate Skeleton         Necr           N/A          65%         1    ##.....
 Apportation              Tloc           #.....       65%         1    ##.....
 Foxfire                  Conj/Fire      #...         65%         1    ##.....
 Magic Dart               Conj           #...         65%         1    ##.....
 Pain                     Necr           #...         65%         1    ##.....
 Shock                    Conj/Air       #...         65%         1    ##.....
 Summon Small Mammal      Summ           #...         65%         1    ##.....
 Blink                    Tloc           N/A          77%         2    ###....
 Slow                     Hex            #.......     77%         2    ###....
 Call Canine Familiar     Summ           #.......     93%         3    ####...
 Conjure Flame            Conj/Fire      #.......     93%         3    ####...
 Lesser Beckoning         Tloc           #.........   93%         3    ####...
 Mephitic Cloud           Conj/Pois/Air  #.......     93%         3    ####...
 Ozocubu's Armour         Chrm/Ice       #.......     93%         3    ####...
 Static Discharge         Conj/Air       #.......     93%         3    ####...
 Stone Arrow              Conj/Erth      #.....       93%         3    ####...
 Summon Guardian Golem    Hex/Summ       #.......     93%         3    ####...
 Tukima's Dance           Hex            #.......     93%         3    ####...
 Vampiric Draining        Necr           #.........   93%         3    ####...
 Airstrike                Air            #.........   100%        4    #####..
 Cause Fear               Hex            #.........   100%        4    #####..
 Summon Ice Beast         Ice/Summ       #.......     100%        4    #####..
 Summon Lightning Spire   Summ/Air       #.......     100%        4    #####..
 Alistair's Intoxication  Tmut/Pois      #.......     100%        5    ######.
 Silence                  Hex/Air        #.........   100%        5    ######.
 Yara's Violent Unravell  Hex/Tmut       #.........   100%        5    ######.
 Deflect Missiles         Chrm/Air       #.........   100%        6    #######
 Invisibility             Hex            #.......     100%        6    #######
 Chain Lightning          Conj/Air       #.........   100%        8    #######
 Discord                  Hex            #.........   100%        8    #######


Dungeon Overview and Level Annotations

Branches:
Dungeon (13/15)            Temple (1/1) D:5            Lair (3/6) D:11
  Swamp (0/4) Lair:2          Orc (0/2) D:10
  Snake: Lair:2-4    Spider: Lair:2-4    Vaults: D:13-14

Altars:
Ashenzari
Dithmenos
Elyvilon
Gozag
Hepliaklqana
Okawaru
Qazlal
Ru
Sif Muna
Trog
Vehumet
Wu Jian
Xom
Zin
Beogh

Shops:
D:4 :   D:5 [   D:9 ?

Annotations:
D:3 need wand of digging
D:5 need wand of digging
D:11 3 runed translucent doors, bmj180's ghost, journeyman TrAM
D:13 1 exclusion, Rupert


Message History

You block the hellwing's attack.
The hellwing hits you but does no damage.
The ynoxinul gestures.
Press: ? - help, v - describe, . - travel
Here: a hellwing (summoned)
The floor.
As you read the scroll of teleportation, it crumbles to dust.
You feel strangely unstable.
You feel the power of the Abyss delaying your translocation!
You block the harpy skeleton's attack. The harpy skeleton claws you.
* * * LOW HITPOINT WARNING * * *
The raiju closely misses you.
You block the harpy skeleton's attack. x2
The hellwing hits you.
* * * LOW HITPOINT WARNING * * *
You block the hellwing's attack.
The raiju bursts into living lightning!
The living lightning hits the raiju.
The raiju completely resists.
The living lightning hits you but does no damage.
The living lightning hits you!
You die...

# #. ####. #..
..#..# ##..
....#.. #.#.. ...
.# #..... ...
.##..#.. .#.
#.##..##.#
#...#..5@.#.# ....
#*..Zh...###...#..
#..#.54h.#...#..##
. . # #
##.355..##.... . #
#.##.#*.#...##
##.... #.
#...##..#.###..#.
#....#23#....
...### #.###...#..
. . .. .# #
#..##.. #.#h.Z# X.


You could see 2 wretched stars, a shadow demon, a hellwing, a smoke demon, 2
raiju, a ynoxinul, a quasit, 3 ufetubi and a harpy skeleton.

Vanquished Creatures
  An eidolon (Abyss:2)
  Snorg (D:13)
  A hydra (Lair:1)
  A centaur warrior (D:11)
  A death yak (Lair:3)
  2 two-headed ogres
  A tengu warrior (D:12)
  Sonja (D:12)
  A sixfirhy (Abyss:2)
  A spatial maelstrom (Abyss:2)
  Pikel (D:4)
  4 unseen horrors
  An ugly thing (D:12)
  2 cyclopes
  A black mamba (Lair:3)
  4 spiny frogs
  A torpor snail (Lair:3)
  3 centaur skeletons
  2 gargoyles
  4 kobold demonologists (D:13)
  A rime drake (Lair:3)
  4 komodo dragons
  2 trolls
  A hornet (D:12)
  4 blink frogs (Lair:2)
  8 hippogriffs
  A raiju (Abyss:2)
  A meliai zombie (D:12)
  4 starcursed masses (Abyss:2)
  A small abomination (Abyss:2)
  A wraith (D:11)
  A shadow (D:11)
  Sigmund (D:3)
  24 yaks
  A ynoxinul (Abyss:2)
  2 basilisks (D:11)
  3 hungry ghosts
  Menkaure (D:4)
  A chaos spawn (Abyss:2)
  Edmund (D:4)
  Duvessa (D:7)
  6 water moccasins
  9 porcupines
  3 black bears
  An ice beast (D:11)
  2 necrophages (D:11)
  6 orc warriors
  6 ogres
  2 phantoms
  16 centaurs
  6 wolves
  13 crocodiles
  3 big kobolds
  Blork the orc (D:4)
  5 bullfrogs
  A wyvern skeleton (D:9)
  3 scorpions
  Dowan (D:7)
  15 killer bees
  5 wights (D:8)
  2 electric eels
  5 crimson imps
  2 bullfrog zombies
  7 centaur zombies
  A jelly (D:12)
  6 hounds
  7 orc wizards
  A quasit (Abyss:2)
  6 orc priests
  4 bullfrog skeletons
  3 iguanas
  Natasha (thrice) (D:3)
  8 worker ants
  A hound zombie (D:7)
  3 worker ant zombies
  10 gnolls
  11 adders
  7 shadow imps
  3 oozes
  An adder zombie (D:5)
  An adder skeleton (D:4)
  3 worms
  A dart slug (D:3)
  4 leopard geckos
  55 orcs
  12 bats
  9 giant cockroaches
  11 goblins
  8 hobgoblins
  11 jackals
  3 quokkas
  3 ball pythons
  8 frilled lizards
  13 kobolds
  A leopard gecko skeleton (D:6)
  A leopard gecko zombie (D:5)
  5 rats
  4 bushes (D:8)
  2 fungi
  2 plants
450 creatures vanquished.

Vanquished Creatures (others)
  A shadow (D:12)
  5 centaurs
  An iguana (D:4)
  A bush (D:8)
  10 fungi
  A lurking horror (Abyss:2)
  5 plants
24 creatures vanquished.

Grand Total: 474 creatures vanquished

Notes
Turn   | Place    | Note
-------+----------+-------------------------------------------
     0 | D:1      | jt the Hill Orc Fighter began the quest for the Orb.
     0 | D:1      | Reached XP level 1. HP: 19/19 MP: 1/1
    40 | D:1      | Reached skill level 3 in Axes
    92 | D:1      | Reached XP level 2. HP: 25/26 MP: 2/2
   271 | D:1      | Reached XP level 3. HP: 27/31 MP: 3/3
   601 | D:2      | Found a faded altar of an unknown god.
   607 | D:2      | Became a worshipper of Sif Muna the Loreminder
   607 | D:2      | Reached * piety under Sif Muna
   627 | D:2      | Reached skill level 4 in Axes
  1359 | D:2      | Reached XP level 4. HP: 39/39 MP: 4/4
  2129 | D:3      | Noticed Natasha
  2269 | D:3      | Reached ** piety under Sif Muna
  2272 | D:3      | Reached skill level 5 in Axes
  2323 | D:3      | Found a glowing silver altar of Zin.
  2327 | D:3      | Reached XP level 5. HP: 45/45 MP: 5/5
  2360 | D:3      | Noticed Sigmund
  2683 | D:3      | Killed Natasha
  2683 | D:3      | Reached skill level 5 in Shields
  3154 | D:4      | Found Ili Ugg's Book Shop.
  3190 | D:4      | Found an opulent altar of Gozag.
  3264 | D:4      | Noticed Menkaure
  3277 | D:4      | Killed Menkaure
  3277 | D:4      | Reached skill level 6 in Axes
  3277 | D:4      | Reached XP level 6. HP: 19/51 MP: 6/6
  3316 | D:4      | Noticed Edmund
  3453 | D:4      | Found a stormy altar of Qazlal.
  3521 | D:4      | Noticed Blork the orc
  3539 | D:4      | Killed Blork the orc
  3719 | D:4      | Found a radiant altar of Vehumet.
  3735 | D:4      | Killed Edmund
  3735 | D:4      | Reached skill level 7 in Axes
  3735 | D:4      | Reached XP level 7. HP: 57/57 MP: 7/7
  3833 | D:4      | Noticed Pikel
  3869 | D:4      | Killed Pikel
  3869 | D:4      | Reached skill level 8 in Axes
  3869 | D:4      | Reached XP level 8. HP: 64/64 MP: 8/8
  3912 | D:4      | Reached skill level 9 in Axes
  4093 | D:4      | Found an ornate altar of the Wu Jian Council.
  4146 | D:5      | Entered Level 5 of the Dungeon
  4682 | D:5      | Found a bloodstained altar of Trog.
  4738 | D:5      | Reached skill level 10 in Axes
  4816 | D:5      | Found a staircase to the Ecumenical Temple.
  4841 | Temple   | Entered the Ecumenical Temple
  5130 | D:5      | Found Ithefubb's Armour Shoppe.
  5139 | D:5      | Bought a +1 cloak of invisibility for 165 gold pieces
  5347 | D:6      | Found a shattered altar of Ashenzari.
  5430 | D:6      | Reached XP level 9. HP: 63/70 MP: 9/9
  5453 | D:6      | Reached *** piety under Sif Muna
  5647 | D:6      | Found a sacrificial altar of Ru.
  5790 | D:7      | Noticed Duvessa
  5790 | D:7      | Noticed Dowan
  6122 | D:7      | Killed Dowan
  6122 | D:7      | Reached skill level 1 in Evocations
  6342 | D:7      | Killed Duvessa
  6733 | D:7      | Found a hazy altar of Hepliaklqana.
  6902 | D:7      | Reached skill level 11 in Axes
  7487 | D:8      | Found a shadowy altar of Dithmenos.
  7647 | D:8      | Reached skill level 5 in Fighting
  7678 | D:8      | Reached **** piety under Sif Muna
  7830 | D:8      | Reached skill level 10 in Shields
  8151 | D:8      | Found a white marble altar of Elyvilon.
  8235 | D:8      | Reached XP level 10. HP: 83/83 MP: 12/12
  9589 | D:9      | Found Xoumar Acag's Magic Scroll Shop.
  9643 | D:9      | Reached skill level 12 in Axes
 10334 | D:3      | Noticed Natasha
 10338 | D:3      | Killed Natasha
 10518 | D:3      | Killed Sigmund
 10542 | D:3      | Noticed Natasha
 10552 | D:3      | Killed Natasha
 11011 | D:9      | Found an iron altar of Okawaru.
 11185 | D:9      | Reached skill level 5 in Evocations
 11364 | D:10     | Entered Level 10 of the Dungeon
 11453 | D:10     | Found a shimmering altar of Xom.
 11790 | D:10     | Reached ***** piety under Sif Muna
 11793 | D:10     | Killed an unseen horror
 11793 | D:10     | Reached skill level 5 in Armour
 11794 | D:10     | Identified Sif Muna's Handbook of Dark Flight (Sif Muna
                  | gifted it to you on level 10 of the Dungeon)
 11794 | D:10     | Received a gift from Sif Muna
 11863 | D:10     | Noticed a two-headed ogre
 11882 | D:10     | Killed a two-headed ogre
 11882 | D:10     | Reached XP level 11. HP: 85/94 MP: 15/15
 11936 | D:10     | Found a staircase to the Orcish Mines.
 11984 | D:10     | Found a roughly hewn altar of Beogh.
 12454 | D:11     | Found a staircase to the Lair.
 12626 | D:11     | Found a runed translucent gate.
 12626 | D:11     | Found a runed translucent gate.
 12628 | D:11     | Found a runed translucent gate.
 12629 | D:11     | Noticed bmj180's ghost (journeyman TrAM)
 12630 | D:11     | Noticed a two-headed ogre
 12639 | D:11     | Noticed a centaur warrior
 12652 | D:11     | Killed a centaur warrior
 12652 | D:11     | Reached skill level 13 in Axes
 12923 | D:11     | Noticed a two-headed ogre
 12961 | D:11     | Killed a two-headed ogre
 13195 | D:11     | Killed an unseen horror
 13826 | D:12     | Noticed a cyclops
 13855 | D:12     | Killed a cyclops
 14000 | D:12     | Noticed a purple ugly thing
 14007 | D:12     | Killed a purple ugly thing
 14007 | D:12     | Reached XP level 12. HP: 104/105 MP: 17/17
 14039 | D:12     | Noticed Sonja
 14044 | D:12     | Paralysed by a hornet for 3 turns
 14165 | D:12     | Killed Sonja
 14451 | D:12     | Reached skill level 1 in Throwing
 14791 | D:13     | Noticed a sun demon
 14803 | D:13     | Reached skill level 10 in Fighting
 14803 | D:13     | Reached skill level 14 in Axes
 14803 | D:13     | Identified Caeth's Handbook of Companions and Malediction
                  | (Sif Muna gifted it to you on level 13 of the Dungeon)
 14803 | D:13     | Received a gift from Sif Muna
 14895 | D:12     | Learned a level 2 spell: Call Imp
 14902 | D:13     | Noticed Rupert
 14920 | D:13     | Noticed a tengu warrior
 14953 | D:12     | Killed a tengu warrior
 15276 | D:13     | Noticed Snorg
 15288 | D:13     | Killed Snorg
 15932 | Lair:1   | Entered Level 1 of the Lair of Beasts
 16373 | Lair:1   | Reached XP level 13. HP: 109/114 MP: 19/19
 17438 | Lair:2   | You fall into a shaft and drop 1 floor!
 18008 | Lair:3   | Got an ancient hand crossbow
 18009 | Lair:3   | Identified the +4 hand crossbow of Dullness {freeze, rC+}
                  | (You found it on level 3 of the Lair of Beasts)
 18193 | Lair:2   | Found a staircase to the Swamp.
 18304 | Lair:3   | Identified Sif Muna's Compendium of Combat Magic and the
                  | Frostbite (Sif Muna gifted it to you on level 3 of the Lair
                  | of Beasts)
 18304 | Lair:3   | Received a gift from Sif Muna
 18410 | Lair:3   | Learned a level 1 spell: Summon Butterflies
 18576 | Lair:2   | Cast into level 2 of the Abyss (a distortion unwield)
 18605 | Abyss:2  | Noticed an eidolon
 18610 | Abyss:2  | Noticed a starcursed mass
 18613 | Abyss:2  | Reached skill level 15 in Axes
 18632 | Abyss:2  | Killed an eidolon
 18813 | Abyss:2  | HP: 5/116 [hellwing[a shadow demon] (6)]
 18814 | Abyss:2  | Killed from afar by a raiju

Levels and vault maps discovered:
D:1:      lightli_arrival_statuegarden, layout_rooms, nrook_mini_backslash
D:2:      layout_loops_cross, chequers_ecumenical_altar_lobes, chequers_avenue,
          minmay_pentomino_s2
D:3:      layout_basic, overflow_temple_1_default, grunt_decor_fettered,
          due_unseen_surprise, uniq_sigmund, uniq_natasha
D:4:      layout_rooms, fiery_altar_vehumet, grunt_gozag_breadcrumbs,
          marbit_many_paths, old_standard_altar, serial_shops,
          nicolae_shop_trees, first_ration, uniq_pikel, uniq_menkaure,
          uniq_edmund, uniq_blork_the_orc
D:5:      layout_rooms, lemuel_round_altar, minmay_temple_entry_slanted,
          serial_shops, shop, item_on_display_b
D:6:      layout_rooms, cheibrodos_ashenzari_chains,
          nicolae_ru_the_path_less_chosen
D:7:      layout_loops_ring, nicolae_overflow_hidden_temple, grunt_ogre_cave,
          uniq_duvessa
D:8:      layout_basic, grunt_dithmenos_smoke_and_mirrors,
          lemuel_coloured_pillars_altar, minmay_hedge_maze
D:9:      layout_rooms, okawaru_altar_gauntlet_db, serial_shops, shop,
          special_room [special_room_orc]
D:10:     layout_long_grid, minmay_orc_entry_temple_small, xom_teletrap_fun
D:11:     minmay_s_stair_smasher, layout_long_grid, minmay_lair_entry_grove,
          gammafunk_ghost_split
D:12:     layout_cave_pools, uniq_sonja
D:13:     layout_roguey, david_vaults_5, uniq_rupert, uniq_snorg
Temple:   zaba_magenta_temple
Lair:1:   layout_loops_ring, infiniplex_staircase_pool
Lair:2:   layout_long_grid, minmay_swamp_entry_reptiles, serial_bayou_lagoon_b,
          serial_bayou_shore_b
Lair:3:   layout_loops_ring, nzn_random_ring
Abyss:2:  base: D:2, evilmike_abyss_exit_plants, evilmike_abyss_exit_16

Skill      XL: |  1  2  3  4  5  6  7  8  9 10 11 12 13 |
---------------+----------------------------------------+-----
Axes           | 3 4 5 6 7 8 10 11 12 13 14 15 | 15.1
Shields        | 4 5 6 7 9 10 11 12 13 | 13.2
Fighting       | 6 7 9 10 11 | 11.4
Evocations     | 3 5 7 8 9 |  9.2
Armour         | 5 7 8 9 |  9.6
Throwing       | 3 4 |  4.8

Action                   |  1- 3 |  4- 6 |  7- 9 | 10-12 | 13-15 || total
-------------------------+-------+-------+-------+-------+-------++-------
Melee: War axe           |   113 |   165 |   349 |   809 |   251 ||  1687
       Dagger            |     5 |       |       |       |       ||     5
       Flail             |       |       |       |       |     7 ||     7
Throw: Stone             |     4 |     9 |       |       |       ||    13
       Boomerang         |       |     5 |    18 |    16 |     2 ||    41
       Dart              |       |       |    54 |    89 |    18 ||   161
       Javelin           |       |       |       |     5 |       ||     5
 Abil: Evoke Invisibilit |       |       |       |     7 |     1 ||     8
Evoke: Wand              |       |       |     4 |    18 |     7 ||    29
  Use: Scroll            |       |     9 |     4 |     6 |     7 ||    26
       Potion            |       |     5 |     2 |       |    11 ||    18
 Stab: Invisible         |       |       |       |    20 |     8 ||    28
       Petrified         |       |       |       |     3 |       ||     3
  Eat: Chunk             |     2 |     7 |     4 |    16 |     6 ||    35
       Ration            |       |       |     3 |     7 |       ||    10
Armor: Scale mail        |    57 |    55 |   104 |     6 |       ||   222
       Chain mail        |       |       |       |   351 |   116 ||   467
       Plate armour      |       |       |       |    47 |       ||    47
Dodge: Dodged            |    34 |    39 |   105 |   156 |    49 ||   383
Block: Shield            |    68 |    78 |   187 |   432 |   206 ||   971
       Reflection        |       |       |       |    12 |       ||    12

Table legend:
 A = Non-vault XP
 B = Vault XP
 C = Vault XP percentage of total XP
 D = Non-vault monster count
 E = Vault monster count
 F = Vault count percentage of total count
                 A         B        C        D         E       F
            +---------+---------+-------+---------+---------+-------
      Total |   39030 |   11398 |  22.6 |     358 |      89 |  19.9
            +---------+---------+-------+---------+---------+-------
        D:1 |      43 |       0 |   0.0 |      27 |       0 |   0.0
        D:2 |      62 |       0 |   0.0 |      26 |       0 |   0.0
        D:3 |     156 |     240 |  60.6 |      28 |       2 |   6.7
        D:4 |     519 |    1093 |  67.8 |      15 |       4 |  21.1
        D:5 |     436 |       0 |   0.0 |      13 |       0 |   0.0
        D:6 |     283 |       0 |   0.0 |      10 |       0 |   0.0
        D:7 |     385 |     343 |  47.1 |      14 |       3 |  17.6
        D:8 |    1854 |       0 |   0.0 |      34 |       0 |   0.0
        D:9 |    1743 |     510 |  22.6 |      24 |      30 |  55.6
       D:10 |    2210 |     264 |  10.7 |      16 |       8 |  33.3
       D:11 |    3267 |    3424 |  51.2 |      25 |      27 |  51.9
       D:12 |    6133 |     795 |  11.5 |      33 |       1 |   2.9
       D:13 |    5686 |    1117 |  16.4 |      24 |       1 |   4.0
     Lair:1 |    4266 |       0 |   0.0 |      21 |       0 |   0.0
     Lair:2 |    3328 |     112 |   3.3 |      15 |       1 |   6.2
     Lair:3 |    4329 |    3500 |  44.7 |      21 |      12 |  36.4
    Abyss:2 |    4330 |       0 |   0.0 |      12 |       0 |   0.0
            +---------+---------+-------+---------+---------+-------
